 Dungeon Crawl Stone Soup version 0.31-a0-1074-g0b22e4e0f1 (webtiles) character file.

Game seed: 16870060670859029004

9823 BigPumpCobain the Grappler (level 11, -5/115 HPs)
             Began as a Troll Shapeshifter on Dec 4, 2023.
             Was a Priest of Wu Jian.
             Slain by an orc warrior
             ... wielding a +0 halberd
              (20 damage)
             ... on level 11 of the Dungeon.
             The game lasted 00:17:30 (7364 turns).

BigPumpCobain the Grappler (Troll Shapeshifter)     Turns: 7364, Time: 00:17:31

Health: -5/115     AC:  4    Str: 28    XL:     11   Next: 28%
Magic:  10/10      EV: 15    Int:  6    God:    Wu Jian [***...]
Gold:   837        SH:  0    Dex: 15    Spells: 10/10 levels left

rFire   . .          .
                       - Unarmed
rCold   . . .        (no shield)
rNeg    . . .        a - +0 animal skin
rPois   .            (helmet currently unavailable)
rElec   .            (cloak currently unavailable)
rCorr   .            (gloves unavailable)
SInv    .            (boots unavailable)
Will    .....        (no amulet)
Stlth   +            o - +5 ring of evasion
HPRegen 1.19/turn    k - +6 ring of dexterity
MPRegen 0.12/turn

%: no passive effects
@: beast-form
A: beast (slay +4), large, unfitting armour, claws 3, regeneration 1, shaggy fur
1, tough skin 1
a: Begin Untransformation, Renounce Religion, Wall Jump, Serpent's Lash


You were on level 11 of the Dungeon.
You worshipped Wu Jian.
Wu Jian was most pleased with you.
You were a hulking beast.
You visited 1 branch of the dungeon, and saw 11 of its levels.

You collected 837 gold pieces.

Inventory:

Hand Weapons
 l - a +1 dagger of protection
 D - a +4 short sword of freezing
 I - a +2 spear of distortion
Missiles
 K - 2 throwing nets
Armour
 a - a +0 animal skin (worn)
 F - a scarf of resistance
Jewellery
 i - a ring of willpower
 k - a +6 ring of dexterity (right claw)
 o - a +5 ring of evasion (left claw)
 G - a +6 ring of dexterity
Talismans
 c - a beast talisman
 d - a flux talisman
 H - a blade talisman
Wands
 J - a wand of digging (7)
Scrolls
 b - 3 scrolls of vulnerability {unknown}
 e - 9 scrolls of identify {unknown}
 f - a scroll of torment {unknown}
 g - 7 scrolls of teleportation {unknown}
 m - 3 scrolls of amnesia {unknown}
 n - 4 scrolls of blinking {unknown}
 s - 2 scrolls of enchant armour {unknown}
 t - 4 scrolls of immolation {unknown}
 x - 2 scrolls of poison {unknown}
 y - a scroll of fog {unknown}
 A - 2 scrolls of noise {unknown}
 C - 3 scrolls of enchant weapon {unknown}
 E - a scroll of butterflies {unknown}
 N - a scroll of acquirement {unknown}
Potions
 j - 3 potions of degeneration {unknown}
 p - 2 potions of heal wounds {unknown}
 q - a potion of resistance {unknown}
 u - 2 potions of mutation {unknown}
 v - 3 potions of haste {unknown}
 w - 2 potions of cancellation {unknown}
 z - a potion of magic {unknown}
 B - a potion of berserk rage {unknown}
 L - a potion of invisibility {unknown}
 M - 2 potions of attraction {unknown}


   Skills:
 + Level 9.2 Fighting
 - Level 1.5 Dodging
 + Level 11.1 Unarmed Combat
 + Level 9.1 Shapeshifting


You had 10 spell levels left.
You didn't know any spells.
Your spell library contained the following spells:

 Spells                   Type           Power      Damage    Failure   Level
 Apportation              Tloc           0%         N/A       45%         1
 Magic Dart               Conj           0%         1d3       45%         1
 Necrotise                Necr           0%         1d4       45%         1
 Slow                     Hex            0%         N/A       45%         1
 Summon Small Mammal      Summ           0%         N/A       45%         1
 Call Imp                 Summ           0%         N/A       58%         2
 Searing Ray              Conj           0%         2d4       58%         2
 Confusing Touch          Hex            0%         N/A       83%         3
 Dazzling Flash           Conj/Hex       0%         N/A       83%         3
 Mephitic Cloud           Conj/Pois/Air  0%         N/A       83%         3
 Ozocubu's Armour         Ice            0%         N/A       83%         3
 Sigil of Binding         Hex            0%         N/A       83%         3
 Vampiric Draining        Necr           0%         2d6       83%         3
 Volatile Blastmotes      Fire/Tloc      0%         2d10      83%         3
 Anguish                  Hex/Necr       0%         N/A       99%         4
 Cause Fear               Hex            0%         N/A       99%         4
 Fulminant Prism          Conj/Hex       0%         3d5       99%         4
 Metabolic Englaciation   Hex/Ice        0%         N/A       100%        5
 Simulacrum               Ice/Necr       0%         N/A       100%        6
 Starburst                Conj/Fire      0%         6d3       100%        6
 Enfeeble                 Hex            0%         N/A       100%        7
 Maxwell's Capacitive Co  Air            0%         ∞         100%        8


Dungeon Overview and Level Annotations

Branches:
Dungeon (11/15)            Temple (0/1) D:6            Lair (0/5) D:9
    Orc (0/2) D:11

Altars:
Ashenzari
Dithmenos
Gozag
Qazlal
Trog
Wu Jian
Yredelemnul
Zin

Shops:
D:4 (   D:6 =   D:9 *

Portals:
Ice
Cave: D:11


Innate Abilities, Weirdness & Mutations

You are a hulking beast.
Your limbs bulge with bestial killing power. (Slay +4)
You are too large for most types of armour.
You have claws for hands.
Your natural rate of healing is unusually fast.
You are covered in fur. (AC +1)
You have tough skin. (AC +1)


Message History

Press: ? - help, Shift-Dir - straight line, f/p - orc warrior
Aim: an orc warrior, wielding a +0 halberd and wearing a +0 plate armour (severely wounded, 68% to hit)
The puff of flame hits the orc warrior but does no damage.
The orc warrior is severely wounded.
The orc warrior hits you but does no damage.
Aiming: Throw Flame
Press: ? - help, Shift-Dir - straight line, f/p - orc warrior
Aim: an orc warrior, wielding a +0 halberd and wearing a +0 plate armour (severely wounded, 68% to hit)
The puff of flame hits the orc warrior.
The orc warrior is severely wounded.
The orc warrior hits you from afar with a +0 halberd.
* * * LOW HITPOINT WARNING * * *
Aiming: Throw Flame
Press: ? - help, Shift-Dir - straight line, f/p - orc warrior
Aim: an orc warrior, wielding a +0 halberd and wearing a +0 plate armour (severely wounded, 68% to hit)
The puff of flame hits the orc warrior but does no damage.
The orc warrior is severely wounded.
The orc warrior hits you from afar with a +0 halberd!
* * * LOW HITPOINT WARNING * * *
Aiming: Throw Flame
Press: ? - help, Shift-Dir - straight line, f/p - orc warrior
Aim: an orc warrior, wielding a +0 halberd and wearing a +0 plate armour (severely wounded, 68% to hit)
The puff of flame hits the orc warrior.
The orc warrior is almost dead.
The orc warrior hits you but does no damage.
Aiming: Throw Flame
Press: ? - help, Shift-Dir - straight line, f/p - orc warrior
Aim: an orc warrior, wielding a +0 halberd and wearing a +0 plate armour (almost dead, 68% to hit)
The puff of flame hits the orc warrior but does no damage.
The orc warrior is almost dead.
The now-empty wand crumbles to dust.
The orc warrior hits you but does no damage.
The orc warrior hits you from afar with a +0 halberd.
* * * LOW HITPOINT WARNING * * *
The orc warrior hits you but does no damage.
You feel less wooden.
Your +0 animal skin unmelds from your body.
You turn into a hulking beast.
The orc warrior hits you from afar with a +0 halberd!!
You die...

#...#####≈...........
#......∩#≈..........[
#≈.....#≈............#
#.#≈...#≈.............
#.≈#≈..#.............#
#..≈#...............#
#....≈.............##
#....o...............
##.†...)h.........##
#..†#.†)....))†<.##
#....#..........##
#......###......###
#...#..# ##....##
#.......# ###.##
#.>.....# ###
#.......# #........


You could see an orc warrior.

Vanquished Creatures
  A two-headed ogre (D:9)
  A cyclops (D:8)
  2 rime drakes (D:11)
  A komodo dragon (D:10)
  A troll (D:9)
  Grinder (D:6)
  Prince Ribbit (D:5)
  Eustachio (D:4)
  17 yaks
  A wyvern (D:8)
  A steam dragon (D:10)
  3 vampire mosquitoes (D:10)
  A water moccasin (D:8)
  8 orc warriors
  2 black bears
  2 ogres
  3 centaurs
  2 kobold brigands (D:9)
  Blork the orc (D:5)
  3 gnoll sergeants
  3 bullfrogs
  5 scorpions
  8 wights
  4 killer bees (D:11)
  An electric eel (D:6)
  6 howler monkeys
  3 orc priests
  4 jellies
  3 hounds
  2 sleepcaps (D:6)
  4 iguanas
  Ijyb (D:4)
  6 orc wizards
  Robin (D:4)
  15 gnolls
  12 adders
  A shadow imp (D:7)
  2 worms
  2 dart slugs
  34 orcs
  3 bats
  11 endoplasms
  5 giant cockroaches
  26 goblins
  12 hobgoblins
  3 jackals (D:4)
  8 quokkas
  9 ball pythons
  7 frilled lizards
  8 kobolds
  9 rats
271 creatures vanquished.

Notes
Turn   | Place    | Note
-------+----------+-------------------------------------------
     0 | D:1      | BigPumpCobain the Troll Shapeshifter began the quest for
                  | the Orb.
     0 | D:1      | Reached XP level 1. HP: 18/18 MP: 0/0
    33 | D:1      | Reached skill level 1 in Fighting
   163 | D:1      | Reached XP level 2. HP: 27/27 MP: 1/1
   352 | D:1      | Reached XP level 3. HP: 35/35 MP: 2/2
   904 | D:2      | Reached skill level 4 in Unarmed Combat
   906 | D:2      | Reached XP level 4. HP: 37/42 MP: 3/3
   967 | D:2      | Found a faded altar of an unknown god.
  1880 | D:4      | Noticed Eustachio
  1912 | D:4      | Killed Eustachio
  1913 | D:4      | Reached skill level 5 in Unarmed Combat
  1913 | D:4      | Reached XP level 5. HP: 47/53 MP: 4/4
  1913 | D:4      | Reached XP level 6. HP: 55/61 MP: 5/5
  1992 | D:4      | Found Teupoqum's Firing Range.
  2006 | D:4      | Found a broken altar of Ashenzari.
  2016 | D:4      | Noticed Robin
  2021 | D:4      | Killed Robin
  2115 | D:4      | Noticed Ijyb
  2123 | D:4      | Killed Ijyb
  2307 | D:4      | Reached skill level 6 in Unarmed Combat
  2307 | D:4      | Reached XP level 7. HP: 47/71 MP: 6/6
  2387 | D:4      | Found a bloodstained altar of Trog.
  2391 | D:4      | Found an opulent altar of Gozag.
  2736 | D:5      | Entered Level 5 of the Dungeon
  2904 | D:5      | Reached skill level 5 in Fighting
  2974 | D:5      | Noticed Blork the orc
  2983 | D:5      | Killed Blork the orc
  3027 | D:5      | Noticed Prince Ribbit
  3036 | D:5      | Found an ornate altar of the Wu Jian Council.
  3046 | D:5      | Killed Prince Ribbit
  3047 | D:5      | Reached skill level 7 in Unarmed Combat
  3047 | D:5      | Reached XP level 8. HP: 77/80 MP: 7/7
  3096 | D:5      | Became a worshipper of the Wu Jian Council
  3598 | D:6      | Noticed Grinder
  3608 | D:6      | Killed Grinder
  3609 | D:6      | Reached skill level 5 in Shapeshifting
  3662 | D:6      | Found a staircase to the Ecumenical Temple.
  3850 | D:6      | Found Godgh's Jewellery Emporium.
  4019 | D:6      | Reached skill level 8 in Unarmed Combat
  4056 | D:6      | Reached XP level 9. HP: 89/89 MP: 8/8
  4581 | D:7      | Found a stormy altar of Qazlal.
  4586 | D:7      | Found a basalt altar of Yredelemnul.
  4643 | D:7      | Reached * piety under Wu Jian
  4766 | D:7      | Found a glowing silver altar of Zin.
  4965 | D:8      | Noticed a cyclops
  4974 | D:8      | Killed a cyclops
  4975 | D:8      | Reached skill level 9 in Unarmed Combat
  5085 | D:8      | Reached XP level 10. HP: 102/102 MP: 9/9
  5433 | D:9      | Found Onniuthri's Assorted Antiques.
  5561 | D:9      | Reached ** piety under Wu Jian
  5598 | D:9      | Found a shadowy altar of Dithmenos.
  5827 | D:9      | Noticed a two-headed ogre
  5834 | D:9      | Killed a two-headed ogre
  5945 | D:9      | Found a staircase to the Lair.
  6223 | D:10     | Entered Level 10 of the Dungeon
  6270 | D:10     | Reached skill level 10 in Unarmed Combat
  7037 | D:11     | Found a staircase to the Orcish Mines.
  7044 | D:11     | Reached *** piety under Wu Jian
  7045 | D:11     | Reached XP level 11. HP: 68/113 MP: 10/10
  7287 | D:11     | Reached skill level 11 in Unarmed Combat
  7311 | D:11     | Found a frozen archway.
  7364 | D:11     | Slain by an orc warrior

Illustrated notes

Levels and vault maps discovered:
D:1:      minmay_arrival_wavy_path, layout_basic, st_stairs_3
D:2:      layout_basic, hellmonk_ecumenical_altar_zigzags, serial_forest,
          infiniplex_forest_clump_C, infiniplex_forest_straight_3,
          infiniplex_forest_clump_small, infiniplex_forest_pool,
          infiniplex_forest_straight_5, infiniplex_forest_clump_small,
          infiniplex_forest_end_2, infiniplex_forest_corner_2,
          infiniplex_forest_clump_tiny, infiniplex_forest_lined_2,
          minmay_door_square, minmay_misc_feat_doors, st_stairs_7,
          minmay_parallelograms, minmay_misc_feat_room
D:3:      layout_rooms
D:4:      cheibrodos_greedy_goblins, layout_loops_ring, ashenzari_altar_1,
          minitemple, nicolae_shop_firing_range, uniq_robin, uniq_ijyb,
          uniq_eustachio
D:5:      layout_basic, mainiacjoe_overflow_brackets, uniq_blork_the_orc,
          uniq_prince_ribbit1
D:6:      minmay_clustersquares, layout_cave_pods, minmay_temple_entry_grid,
          serial_shops, shop, minivault_14, minmay_gold_behind_fungi,
          hellmonk_no_cap, uniq_grinder
D:7:      layout_rooms, lemuel_crystal_altar, mainiacjoe_overflow_catch_the_wave
D:8:      cheibrodos_quashed, layout_rooms
D:9:      layout_gridville, mainiacjoe_overflow_concentric_impassable,
          lair_entry_dummy, serial_shops, shop
D:10:     layout_basic
D:11:     layout_cave_pods, david_orc_3, portal_ice_cave_rime,
          minmay_ruined_shrine

Skill      XL: |  1  2  3  4  5  6  7  8  9 10 11 |
---------------+----------------------------------+-----
Fighting       | 1 2 3 4 5 6 7 8 9 |  9.2
Unarmed Combat | 4 5 6 7 8 9 10 11 | 11.1
Shapeshifting  | 4 5 7 8 9 |  9.1
Dodging        | |  1.5

Action                     |  1- 3 |  4- 6 |  7- 9 | 10-12 || total
---------------------------+-------+-------+-------+-------++-------
  Melee: Unarmed           |    84 |   160 |   176 |   249 ||   669
         Punch             |       |     3 |     6 |    18 ||    27
Ability: Lunge             |       |       |    10 |    13 ||    23
         Whirlwind         |       |       |       |    70 ||    70
         Wall Jump         |       |       |       |    15 ||    15
  Evoke: Wand              |       |       |       |    22 ||    22
    Use: Potion            |       |     1 |       |     8 ||     9
   Stab: Sleeping          |       |       |     2 |       ||     2
 Armour: Animal skin       |    43 |    80 |    61 |   134 ||   318
         Skin              |       |     7 |       |    37 ||    44
  Dodge: Dodged            |    33 |    63 |    94 |   153 ||   343

Table legend: (Time is in decaauts)
 A = Elapsed time spent in this place.
 B = Non-inter-level travel time spent in this place.
 C = Inter-level travel time spent in this place.
 D = Time resting spent in this place.
 E = Time spent auto-exploring this place.
 F = Levels seen in this place.
 G = Mean time per level.
                   A        B        C        D        E       F      G
               +--------+--------+--------+--------+--------+-----+--------+
         Total |   7307 |   7025 |    282 |     67 |   5586 |  11 |  664.3 |
       Dungeon |   7307 |   7025 |    282 |     67 |   5586 |  11 |  664.3 |
               +--------+--------+--------+--------+--------+-----+--------+

Top non-repeatable levels by time:
     D:6: 898 daAuts
     D:2: 883 daAuts
     D:4: 861 daAuts
     D:9: 786 daAuts
     D:5: 775 daAuts
    D:10: 742 daAuts
     D:8: 599 daAuts
     D:1: 597 daAuts
    D:11: 395 daAuts
     D:7: 395 daAuts
     D:3: 371 daAuts
